 Dungeon Crawl Stone Soup version 0.26-a0-540-g8a0c9464d7 (webtiles) character file.

Game seed: 8978227697428882940

429 Mitsuki the Insei (level 6, 0/47 HPs)
             Began as a Gnoll Transmuter on Aug 15, 2020.
             Blown up by Ijyb (12 damage)
             ... with a disintegration bolt
             ... on level 3 of the Dungeon.
             The game lasted 00:10:08 (3257 turns).

Mitsuki the Insei (Gnoll Transmuter)                Turns: 3257, Time: 00:10:09

Health: 0/47       AC:  2    Str: 12    XL:     6   Next: 98%
Magic:  14/14      EV: 15    Int: 18    God:
Gold:   119        SH:  0    Dex: 15    Spells: 12/15 levels left

rFire    . . .     SeeInvis .   d - +0 dagger (venom)
rCold    . . .     Faith    .   (no shield)
rNeg     . . .     Spirit   .   a - +0 robe
rPois    .         Reflect  .   (no helmet)
rElec    .         Harm     .   (no cloak)
rCorr    .                      (no gloves)
MR       .....                  (no boots)
Stlth    ++........             (no amulet)
HPRegen  0.15/turn              (no ring)
MPRegen  0.14/turn              (no ring)

@: no status effects
A: distributed training, fangs 1, strong nose
a: no special abilities


You were on level 3 of the Dungeon.
You visited 1 branch of the dungeon, and saw 4 of its levels.

You collected 119 gold pieces.

Inventory:

Hand Weapons
 d - a +0 dagger of venom (weapon)
Armour
 a - a +0 robe (worn)
 g - a +0 pair of gloves
Wands
 i - a wand of flame (17)
Scrolls
 b - 2 scrolls of enchant armour {unknown}
 c - a scroll of identify {unknown}
 f - a scroll of teleportation {unknown}
 h - a scroll of remove curse {unknown}
Potions
 e - a potion of brilliance


   Skills:
 + Level 3.4 Fighting
 + Level 2.2 Short Blades
 + Level 2.2 Long Blades
 + Level 2.2 Axes
 + Level 2.2 Maces & Flails
 + Level 2.2 Polearms
 + Level 2.2 Staves
 + Level 2.2 Slings
 + Level 2.2 Bows
 + Level 2.2 Crossbows
 + Level 2.2 Throwing
 + Level 2.2 Armour
 + Level 5.1 Dodging
 + Level 2.2 Stealth
 + Level 2.2 Shields
 + Level 6.9 Unarmed Combat
 + Level 5.4 Spellcasting
 + Level 1.7 Conjurations
 + Level 1.7 Hexes
 + Level 1.7 Summonings
 + Level 1.7 Necromancy
 + Level 1.7 Translocations
 + Level 4.2 Transmutations
 + Level 1.7 Fire Magic
 + Level 1.7 Ice Magic
 + Level 1.7 Air Magic
 + Level 1.7 Earth Magic
 + Level 1.7 Poison Magic
 + Level 2.4 Invocations
 + Level 2.2 Evocations


You had 12 spell levels left.
You knew the following spells:

 Your Spells              Type           Power        Failure   Level
b - Beastly Appendage     Tmut           ###...       2%          1
c - Wereblood             Tmut           ###.....     3%          2

Your spell library contained the following spells:

 Spells                   Type           Power        Failure   Level
 Spider Form              Tmut/Pois      ###.......   11%         3
 Ice Form                 Ice/Tmut       ###.....     36%         4
 Blade Hands              Tmut           ###.......   52%         5


Dungeon Overview and Level Annotations

Branches:
Dungeon (4/15)
 Temple: D:4-7

Altars:

Annotations:
D:3 Ijyb


Innate Abilities, Weirdness & Mutations

Your experience applies equally to all skills.
You have very sharp teeth.
Your uncanny sense of smell can sniff out nearby items.


Message History

Ijyb hits you with a +0 dagger.
* * * LOW HITPOINT WARNING * * *
Things that are here:
a +0 club; an orc corpse You take 2 damage, and have 12/47 hp.
You hit Ijyb but do no damage.
Ijyb is poisoned.
Ijyb is moderately wounded.
Ijyb hits you but does no damage.
You barely miss Ijyb. You bite Ijyb, but do no damage.
Ijyb is heavily wounded.
Ijyb completely misses you.
You hit Ijyb but do no damage.
Ijyb looks even sicker.
Your bite misses Ijyb.
Ijyb is heavily wounded.
Ijyb closely misses you.
You hit Ijyb.
Ijyb looks as sick as possible!
Ijyb is almost dead.
You hit Ijyb but do no damage.
Ijyb looks as sick as possible!
Ijyb is almost dead.
Ijyb zaps a wand.
You are blasted!
You die...

##..# #..#
########..#
..........##
#######.^..####
#...#.......#
#####......#......
.........########.
.......@##
......g.#
.........
.<......##
........#
........#
......#..
......###


You could see Ijyb (extremely poisoned).

Vanquished Creatures
  2 scorpions (D:4)
  A centaur zombie (D:4)
  2 hounds (D:4)
  2 orc priests (D:4)
  A bullfrog skeleton (D:4)
  An orc wizard (D:4)
  A worker ant (D:4)
  A river rat (D:4)
  2 adders (D:4)
  An adder skeleton (D:4)
  2 worms
  A dart slug (D:1)
  3 leopard geckos
  8 orcs
  4 giant cockroaches
  4 goblins (D:1)
  5 hobgoblins (D:1)
  4 jackals (D:4)
  2 quokkas (D:4)
  4 bats
  6 frilled lizards
  A jackal skeleton (D:4)
  4 kobolds
  A quokka skeleton (D:4)
  4 rats
67 creatures vanquished.

Notes
Turn   | Place    | Note
-------+----------+-------------------------------------------
     0 | D:1      | Mitsuki the Gnoll Transmuter began the quest for the Orb.
     0 | D:1      | Reached XP level 1. HP: 17/17 MP: 6/6
   195 | D:1      | Reached XP level 2. HP: 23/23 MP: 7/7
   416 | D:1      | Learned a level 2 spell: Wereblood
   560 | D:1      | Reached XP level 3. HP: 23/28 MP: 9/9
   772 | D:1      | Reached skill level 5 in Spellcasting
  1072 | D:2      | You fall into a shaft and drop 2 floors!
  1082 | D:4      | Reached skill level 1 in Short Blades
  1082 | D:4      | Reached skill level 1 in Long Blades
  1082 | D:4      | Reached skill level 1 in Axes
  1082 | D:4      | Reached skill level 1 in Maces & Flails
  1082 | D:4      | Reached skill level 1 in Polearms
  1082 | D:4      | Reached skill level 1 in Staves
  1082 | D:4      | Reached skill level 1 in Slings
  1082 | D:4      | Reached skill level 1 in Bows
  1082 | D:4      | Reached skill level 1 in Crossbows
  1082 | D:4      | Reached skill level 1 in Throwing
  1082 | D:4      | Reached skill level 1 in Armour
  1082 | D:4      | Reached skill level 1 in Stealth
  1082 | D:4      | Reached skill level 1 in Shields
  1082 | D:4      | Reached skill level 1 in Invocations
  1082 | D:4      | Reached skill level 1 in Evocations
  1082 | D:4      | Reached XP level 4. HP: 29/34 MP: 11/11
  1204 | D:4      | Reached skill level 1 in Conjurations
  1204 | D:4      | Reached skill level 1 in Hexes
  1204 | D:4      | Reached skill level 1 in Summonings
  1204 | D:4      | Reached skill level 1 in Necromancy
  1204 | D:4      | Reached skill level 1 in Translocations
  1204 | D:4      | Reached skill level 1 in Fire Magic
  1204 | D:4      | Reached skill level 1 in Ice Magic
  1204 | D:4      | Reached skill level 1 in Air Magic
  1204 | D:4      | Reached skill level 1 in Earth Magic
  1204 | D:4      | Reached skill level 1 in Poison Magic
  1218 | D:4      | HP: 1/34 [poisoned by a worker ant]
  1222 | D:4      | Reached XP level 5. HP: 3/40 MP: 12/12
  2078 | D:4      | Reached XP level 6. HP: 44/47 MP: 11/13
  2241 | D:4      | Reached skill level 5 in Dodging
  3244 | D:3      | Noticed Ijyb
  3257 | D:3      | Blown up by Ijyb

Illustrated notes

Levels and vault maps discovered:
D:1:      dpeg_arrival_tiny_i, layout_loops_ring
D:2:      layout_basic, zin_scriptorium, lemuel_round_altar
D:3:      layout_rooms, kennysheep_pointless_box, uniq_ijyb
D:4:      layout_loops_cross, gup_sewer_entry_bowl

Skill      XL: |  1  2  3  4  5  6 |
---------------+-------------------+-----
Spellcasting   | 5 |  5.4
Short Blades   | 1 2 |  2.2
Long Blades    | 1 2 |  2.2
Axes           | 1 2 |  2.2
Maces & Flails | 1 2 |  2.2
Polearms       | 1 2 |  2.2
Staves         | 1 2 |  2.2
Slings         | 1 2 |  2.2
Bows           | 1 2 |  2.2
Crossbows      | 1 2 |  2.2
Throwing       | 1 2 |  2.2
Armour         | 1 2 |  2.2
Stealth        | 1 2 |  2.2
Shields        | 1 2 |  2.2
Invocations    | 1 2 |  2.4
Evocations     | 1 2 |  2.2
Conjurations   | 1 |  1.7
Hexes          | 1 |  1.7
Summonings     | 1 |  1.7
Necromancy     | 1 |  1.7
Translocations | 1 |  1.7
Fire Magic     | 1 |  1.7
Ice Magic      | 1 |  1.7
Air Magic      | 1 |  1.7
Earth Magic    | 1 |  1.7
Poison Magic   | 1 |  1.7
Fighting       | 3 |  3.4
Transmutations | 4 |  4.2
Dodging        | 5 |  5.1
Unarmed Combat | |  6.9

Action                   |  1- 3 |  4- 6 || total
-------------------------+-------+-------++-------
Melee: Unarmed           |    45 |       ||    45
       Bite              |    10 |    22 ||    32
       Dagger            |    27 |   177 ||   204
       Punch             |     2 |     6 ||     8
 Cast: Beastly Appendage |     1 |       ||     1
       Wereblood         |     1 |     3 ||     4
Evoke: Wand              |       |     2 ||     2
  Use: Potion            |       |     4 ||     4
 Stab: Sleeping          |     1 |     4 ||     5
Armor: Robe              |     8 |    27 ||    35
Dodge: Dodged            |    55 |   132 ||   187

Table legend: (Time is in decaauts)
 A = Elapsed time spent in this place.
 B = Non-inter-level travel time spent in this place.
 C = Inter-level travel time spent in this place.
 D = Time resting spent in this place.
 E = Time spent auto-exploring this place.
 F = Levels seen in this place.
 G = Mean time per level.
                   A        B        C        D        E       F      G
               +--------+--------+--------+--------+--------+-----+--------+
         Total |   3241 |   3201 |     40 |    119 |   2493 |   4 |  810.2 |
       Dungeon |   3241 |   3201 |     40 |    119 |   2493 |   4 |  810.2 |
               +--------+--------+--------+--------+--------+-----+--------+

Top non-repeatable levels by time:
     D:4: 2078 daAuts
     D:1: 907 daAuts
     D:2: 158 daAuts
     D:3: 97 daAuts
